 Dungeon Crawl Stone Soup version 0.27-a0-1378-gdefffd1ff6 (webtiles) character file.

Game seed: 12320046307610420987

1950 Brandom the Ruffian (level 8, -7/84 HPs)
             Began as a Troll Delver on June 28, 2021.
             Was a Follower of Uskayaw.
             Mangled by Menkaure (18 damage)
             ... on level 6 of the Dungeon on June 29, 2021.
             The game lasted 00:13:03 (4102 turns).

Brandom the Ruffian (Troll Delver)                  Turns: 4102, Time: 00:13:04

Health: -7/84      AC:  6    Str: 21    XL:     8   Next: 99%
Magic:  5/8        EV: 11    Int:  6    God:    Uskayaw [*.....]
Gold:   176        SH:  0    Dex: 13    Spells: 7/7 levels left

rFire    . . .     SeeInvis .     - Unarmed
rCold    . . .     Faith    .   (no shield)
rNeg     . . .     Spirit   .   c - +0 troll leather armour {Purgy}
rPois    .         Reflect  .   (helmet restricted)
rElec    .         Harm     .   (no cloak)
rCorr    .         Rampage  .   (gloves unavailable)
Will     .....                  (boots unavailable)
Stlth    ++........             (no amulet)
HPRegen  2.24/turn              (no ring)
MPRegen  0.11/turn              (no ring)

@: no status effects
A: large, unfitting armour, claws 3, regeneration 1, shaggy fur 1, tough skin 1
a: Renounce Religion, Stomp


You were on level 6 of the Dungeon.
You worshipped Uskayaw.
Uskayaw was noncommittal.
You visited 1 branch of the dungeon, and saw 6 of its levels.
You also visited: Sewer.

You collected 176 gold pieces.

Inventory:

Armour
 a - a +0 robe
 c - a +0 troll leather armour (worn) {Purgy}
   (You found it in a sewer)
Jewellery
 g - a ring of resist corrosion
   (You found it on level 4 of the Dungeon)
 i - a ring of flight
   (You found it on level 3 of the Dungeon)
 w - a ring of fire
   (You found it on level 4 of the Dungeon)
Wands
 t - a wand of flame (14)
   (You found it on level 2 of the Dungeon)
 u - a wand of paralysis (14)
   (You found it in a sewer)
 v - a wand of digging (3)
Scrolls
 b - a scroll of fog
 d - a scroll of fear
 e - 2 scrolls of noise {unknown}
 h - a scroll of enchant weapon {unknown}
 k - a scroll of teleportation {unknown}
 o - a scroll of enchant armour {unknown}
 p - a scroll of torment {unknown}
 q - a scroll of summoning {unknown}
 r - a scroll of amnesia {unknown}
 x - 3 scrolls of identify {@r1}
Potions
 f - a potion of haste {@q3}
 j - a potion of curing {@q1}
 l - 2 potions of might
 m - a potion of resistance
 n - 2 potions of ambrosia
 s - a potion of berserk rage
 z - a potion of attraction {unknown}
 A - a potion of degeneration {unknown}


   Skills:
 * Level 6.5 Fighting
 + Level 4.4 Dodging
 - Level 2.7 Stealth
 * Level 7.5 Unarmed Combat
 + Level 2.0 Invocations


You had 7 spell levels left.
You didn't know any spells.
Your spell library contained the following spells:

 Spells                   Type           Power      Damage    Failure   Level
 Magic Dart               Conj           0%         1d3       50%         1
 Searing Ray              Conj           0%         3d3       65%         2
 Dazzling Flash           Conj/Hex       0%         N/A       86%         3
 Fulminant Prism          Conj/Hex       0%         3d6       99%         4
 Iskenderun's Mystic Bla  Conj/Tloc      0%         2d3       99%         4


Dungeon Overview and Level Annotations

Branches:
Dungeon (6/15)              Sewer (visited)
 Temple: D:4-7

Altars:
Cheibriados
Nemelex Xobeh
Sif Muna
Uskayaw
Wu Jian
Zin

Annotations:
D:6 Menkaure


Innate Abilities, Weirdness & Mutations

You are too large for most types of armour.
You have claws for hands.
Your natural rate of healing is unusually fast.
You are covered in fur. (AC +1)
You have tough skin. (AC +1)


Message History

There is a stone staircase leading down here.
You climb downwards.
Found a glowing blue potion.
There is a stone staircase leading up here.
A - a glowing blue potion You open the door.
Menkaure and a zombie come into view.
Menkaure shouts!
The water moccasin zombie moves out of view.
There is an open door here.
You scratch the water moccasin zombie.
Menkaure mumbles some strange words.
Menkaure seems to speed up.
The water moccasin zombie misses you.
You barely miss the water moccasin zombie.
The water moccasin zombie barely misses you.
You barely miss the water moccasin zombie.
Menkaure casts a spell at you. Pain shoots through your body!
The water moccasin zombie barely misses you.
You claw the water moccasin zombie! Menkaure casts a spell at you.
You struggle to resist.
The water moccasin zombie bites you but does no damage.
You claw the water moccasin zombie!
Your claw misses the water moccasin zombie.
Menkaure calls on the powers of darkness!
Your body is wracked with pain!
* * * LOW HITPOINT WARNING * * *
The water moccasin zombie barely misses you.
You barely miss the water moccasin zombie.
The water moccasin zombie bites you but does no damage.
You stomp with the beat, sending a shockwave through the revellers around you!
You can no longer stomp with the beat.
Menkaure completely misses you.
The water moccasin zombie closely misses you.
Menkaure hits you!!
* * * LOW HITPOINT WARNING * * *
You can now stomp with the beat.
You barely miss the water moccasin zombie.
The water moccasin zombie bites you.
* * * LOW HITPOINT WARNING * * *
Menkaure closely misses you.
You mangle the water moccasin zombie!!
You destroy the water moccasin zombie!
Menkaure hits you!
* * * LOW HITPOINT WARNING * * *
Your Invocations skill increases to level 2!
Okay, then.
Menkaure hits you!!
You die...

#.#.......#..
#.#.#....<..#
#.#.#.......#
#.#.#.......#
#.#.#.......#
#.#.#.......#
#[#.#####+#..
#.#'##### .#.
#.@M....#
.##.
#.......#
#.......#
#.......#
#.......#
#.#+##### #.
#.


You could see Menkaure (fast).

Vanquished Creatures
  The ghost of Decipherer the Cudgeller, a novice MiMo of Zin (D:5)
  A water moccasin (D:5)
  Purgy (Sewer)
  2 black bears (D:5)
  4 ogres
  Blork the orc (D:4)
  2 scorpions
  2 bullfrogs
  A water moccasin zombie (D:6)
  A centaur skeleton (D:5)
  2 jellies
  An orc priest (D:5)
  4 hounds
  A bullfrog skeleton (D:5)
  An iguana (D:4)
  2 orc wizards (D:5)
  2 hound skeletons (D:4)
  5 adders
  3 gnolls (D:2)
  An ufetubus (D:5)
  A worm (D:5)
  The ghost of Lanoc the Sneak, a weakling MiDe (D:4)
  2 dart slugs (D:1)
  3 orcs
  13 bats
  9 endoplasms
  6 giant cockroaches
  10 hobgoblins
  9 jackals (D:1)
  6 kobolds
  9 quokkas
  9 ball pythons
  5 frilled lizards
  4 goblins
  9 rats
134 creatures vanquished.

Notes
Turn   | Place    | Note
-------+----------+-------------------------------------------
     0 | D:5      | Brandom the Troll Delver began the quest for the Orb.
     0 | D:5      | Reached XP level 1. HP: 22/22 MP: 0/0
    42 | D:5      | Reached XP level 2. HP: 29/29 MP: 1/1
    66 | D:4      | Reached XP level 3. HP: 36/36 MP: 2/2
    73 | D:4      | Found a glowing drain.
    93 | Sewer    | Entered a sewer
   124 | Sewer    | Noticed Purgy
   144 | Sewer    | Killed Purgy
   145 | Sewer    | Reached skill level 3 in Unarmed Combat
   145 | Sewer    | Reached XP level 4. HP: 11/45 MP: 3/3
   145 | Sewer    | Reached XP level 5. HP: 13/53 MP: 4/4
   262 | D:4      | Noticed Blork the orc
   277 | D:4      | Killed Blork the orc
   278 | D:4      | Reached skill level 4 in Unarmed Combat
   328 | D:3      | Reached XP level 6. HP: 61/62 MP: 5/5
  2022 | D:3      | Upgraded the game from 0.27-a0-1359-ga2a4dfd6fd to
                  | 0.27-a0-1378-gdefffd1ff6
  2251 | D:3      | Found a faded altar of an unknown god.
  2256 | D:3      | Became a worshipper of Uskayaw the Reveller
  2256 | D:3      | Reached * piety under Uskayaw
  2644 | D:4      | Reached ** piety under Uskayaw
  2720 | D:4      | Found a glowing silver altar of Zin.
  2812 | D:4      | Reached skill level 5 in Unarmed Combat
  2862 | D:4      | Reached XP level 7. HP: 71/71 MP: 6/6
  2925 | D:4      | Noticed Lanoc's ghost (weakling MiDe)
  2926 | D:4      | Found a transporter.
  2930 | D:4      | Found a transporter.
  3171 | D:4      | Found a shimmering blue altar of Sif Muna.
  3329 | D:4      | Killed Lanoc's ghost
  3332 | D:4      | Reached *** piety under Uskayaw
  3334 | D:4      | Reached skill level 5 in Fighting
  3336 | D:4      | Reached **** piety under Uskayaw
  3458 | D:5      | Found an ornate altar of the Wu Jian Council.
  3460 | D:5      | Found a snail-covered altar of Cheibriados.
  3477 | D:5      | Found a sparkling altar of Nemelex Xobeh.
  3508 | D:5      | Reached skill level 6 in Unarmed Combat
  3570 | D:5      | Found a runed translucent door.
  3593 | D:5      | Reached XP level 8. HP: 72/81 MP: 3/7
  3951 | D:5      | Noticed Decipherer's ghost (novice MiMo)
  3978 | D:5      | Killed Decipherer's ghost
  3979 | D:5      | Reached skill level 7 in Unarmed Combat
  3979 | D:5      | Reached skill level 1 in Invocations
  4091 | D:6      | Noticed Menkaure
  4102 | D:6      | Mangled by Menkaure

Illustrated notes

Levels and vault maps discovered:
D:1:      heliophobic_arrival_dark_side_of_the_moon, layout_basic,
          minmay_bisected
D:2:      layout_loops_cross
D:3:      layout_basic, chequers_ecumenical_altar_lobes
D:4:      layout_loops_ring, nicolae_overflow_crystal_walls, led_sif_book,
          gammafunk_ghost_smash, serial_rivers, chequers_serial_rivers_micro_b,
          chequers_serial_rivers_micro_c, chequers_serial_rivers_small_a,
          chequers_serial_rivers_marsh, portal_sewer_entry_f, uniq_blork_the_orc
D:5:      layout_rooms, nicolae_overflow_hidden_temple, ebering_ghost_sewer_d
D:6:      layout_basic, lemuel_doored_altar, eat_drink_and_be_merry_uskayaw,
          minivault_19, uniq_menkaure

Skill      XL: |  1  2  3  4  5  6  7  8 |
---------------+-------------------------+-----
Fighting       | 3 4 5 6 |  6.5
Dodging        | 2 3 4 |  4.4
Unarmed Combat | 3 4 5 6 7 |  7.5
Invocations    | 2 |  2.0
Stealth        | |  2.7

Action                   |  1- 3 |  4- 6 |  7- 9 || total
-------------------------+-------+-------+-------++-------
Melee: Unarmed           |    56 |   202 |    93 ||   351
       Punch             |     1 |     3 |     4 ||     8
Invok: Stomp             |       |       |     7 ||     7
  Use: Scroll            |     1 |       |     5 ||     6
       Potion            |     1 |       |     1 ||     2
 Stab: Sleeping          |     1 |    13 |     3 ||    17
       Paralysed         |       |       |     4 ||     4
Armor: Robe              |    28 |       |       ||    28
       Troll leather arm |       |    74 |    33 ||   107
Dodge: Dodged            |    55 |    86 |    43 ||   184

Table legend: (Time is in decaauts)
 A = Elapsed time spent in this place.
 B = Non-inter-level travel time spent in this place.
 C = Inter-level travel time spent in this place.
 D = Time resting spent in this place.
 E = Time spent auto-exploring this place.
 F = Levels seen in this place.
 G = Mean time per level.
                   A        B        C        D        E       F      G
               +--------+--------+--------+--------+--------+-----+--------+
         Total |   4053 |   3881 |    172 |     18 |   2974 |   7 |  579.0 |
       Dungeon |   3931 |   3759 |    172 |     18 |   2903 |   6 |  655.2 |
         Sewer |    121 |    121 |      0 |      0 |     71 |   1 |  121.0 |
               +--------+--------+--------+--------+--------+-----+--------+

Top non-repeatable levels by time:
     D:1: 896 daAuts
     D:4: 869 daAuts
     D:3: 752 daAuts
     D:5: 735 daAuts
     D:2: 654 daAuts
   Sewer: 121 daAuts
     D:6: 23 daAuts
